 Dungeon Crawl Stone Soup version 0.28-a0-957-g42eb19b844 (webtiles) character file.

Game seed: 4580938551811431440

12 Redcow54321 the Skirmisher (level 2, -6/32 HPs)
             Began as an Ogre Fighter on Nov 30, 2021.
             Killed from afar by Sigmund (10 damage)
             ... with a puff of flame
             ... on level 2 of the Dungeon.
             The game lasted 00:01:22 (1000 turns).

Redcow54321 the Skirmisher (Ogre Fighter)           Turns: 1000, Time: 00:01:23

Health: -6/32      AC:  3    Str: 19    XL:     2   Next: 33%
Magic:  2/2        EV:  8    Int:  9    God:
Gold:   4          SH:  0    Dex:  8    Spells: 1/1 levels left

rFire   . . .      SeeInvis .   a - +0 war axe
rCold   . . .      Faith    .   c - +0 kite shield
rNeg    . . .      Spirit   .   b - +0 robe
rPois   .          Reflect  .   (helmet restricted)
rElec   .          Harm     .   (no cloak)
rCorr   .          Rampage  .   (gloves unavailable)
Will    .....                   (boots unavailable)
Stlth   +.........              (no amulet)
HPRegen 0.10/turn               (no ring)
MPRegen 0.08/turn               (no ring)

@: confused, mighty
A: large, unfitting armour, tough skin 1
a: no special abilities


You were on level 2 of the Dungeon.
You visited 1 branch of the dungeon, and saw 2 of its levels.

You collected 4 gold pieces.

Inventory:

Hand Weapons
 a - a +0 war axe (weapon)
Armour
 b - a +0 robe (worn)
 c - a +0 kite shield (worn)
Jewellery
 h - an amulet of magic regeneration
Scrolls
 f - a scroll of identify {unknown}
Potions
 e - a potion of degeneration {unknown}
 g - a potion of mutation {unknown}


   Skills:
 - Level 4.0 Fighting
 * Level 2.9 Axes
 - Level 2.6 Dodging
 - Level 2.6 Shields


You had one spell level left.
You didn't know any spells.
Your spell library contained the following spells:

 Spells                   Type           Power      Damage    Failure   Level
 Slow                     Hex            0%         N/A       85%         1
 Scorch                   Fire           0%         2d5       94%         2
 Confusing Touch          Hex            0%         N/A       99%         3
 Vampiric Draining        Necr           0%         2d6       99%         3
 Flame Wave               Conj/Fire      0%         2d4       100%        4
 Summon Cactus Giant      Summ           0%         N/A       100%        6


Dungeon Overview and Level Annotations

Branches:
Dungeon (2/15)

Altars:

Annotations:
D:2 Sigmund


Innate Abilities, Weirdness & Mutations

You are too large for most types of armour.
You have tough skin. (AC +1)


Message History

A frilled lizard comes into view.
The frilled lizard hisses angrily.
A frilled lizard is nearby!
You slash the frilled lizard!
You kill the frilled lizard!
No target in view!
You see here 22 stones.
Found a stone staircase leading down.
You see here 22 stones.
There is a stone staircase leading down here.
Done exploring.
Done exploring.
Done exploring.
No target in view!
No target in view!
You climb downwards.
There is a stone staircase leading up here.
No target in view!
There is a stone staircase leading up here.
Found a ring mail.
Sigmund the Dreaded comes into view.
He is wielding a +0 scythe and carrying a wand of flame (8).
Sigmund shouts!
Sigmund casts a spell at you. The puff of flame hits you.
Sigmund hits you from afar with a +0 scythe!
Sigmund hits you with a +0 scythe!
* * * LOW HITPOINT WARNING * * *
Nothing quivered!
You feel very mighty all of a sudden.
You barely miss Sigmund. You block Sigmund's attack.
Sigmund hits you with a +0 scythe.
* * * LOW HITPOINT WARNING * * *
You slash Sigmund!
Sigmund is moderately wounded.
Sigmund casts a spell at you.
You are confused.
You barely miss Sigmund.
Sigmund is moderately wounded.
Sigmund zaps a wand.
The puff of flame hits you!
You die...

### ... #.# #.#
#.# #.# #@# #@#
#.# #.# ##[ #.#
#######.#
#...#.###.......#
#.........#####.#
#..........#
#.#.#####.## ..
#. ##.#


You could see Sigmund.

Vanquished Creatures
  2 bats (D:1)
  An endoplasm (D:1)
  A giant cockroach (D:1)
  A hobgoblin (D:1)
  A frilled lizard (D:1)
  3 goblins (D:1)
  2 rats (D:1)
11 creatures vanquished.

Notes
Turn   | Place    | Note
-------+----------+-------------------------------------------
     0 | D:1      | Redcow54321 the Ogre Fighter began the quest for the Orb.
     0 | D:1      | Reached XP level 1. HP: 24/24 MP: 1/1
   442 | D:1      | Reached XP level 2. HP: 32/32 MP: 2/2
   991 | D:2      | Noticed Sigmund
  1000 | D:2      | Killed from afar by Sigmund

Illustrated notes

Levels and vault maps discovered:
D:1:      saegor_arrival_simple_a, layout_basic
D:2:      layout_loops_ring, uniq_sigmund

Action                   || total
-------------------------++-------
Melee: War axe           ||    44
  Use: Potion            ||     1
Armor: Robe              ||    17
Dodge: Dodged            ||    16
Block: Kite shield       ||    18

Table legend: (Time is in decaauts)
 A = Elapsed time spent in this place.
 B = Non-inter-level travel time spent in this place.
 C = Inter-level travel time spent in this place.
 D = Time resting spent in this place.
 E = Time spent auto-exploring this place.
 F = Levels seen in this place.
 G = Mean time per level.
                   A        B        C        D        E       F      G
               +--------+--------+--------+--------+--------+-----+--------+
         Total |   1025 |   1025 |      0 |    147 |    741 |   2 |  512.5 |
       Dungeon |   1025 |   1025 |      0 |    147 |    741 |   2 |  512.5 |
               +--------+--------+--------+--------+--------+-----+--------+

Top non-repeatable levels by time:
     D:1: 1003 daAuts
     D:2: 22 daAuts
